 Dungeon Crawl Stone Soup version 0.21.1-1-g345015f (webtiles) character file.

837 snakesoul the Cleaver (level 7, -3/64 HPs)
             Began as a Minotaur Fighter on July 25, 2018.
             Slain by Alter's ghost (10 damage)
             ... on level 6 of the Dungeon.
             The game lasted 00:13:11 (4322 turns).

snakesoul the Cleaver (Minotaur Fighter)            Turns: 4322, Time: 00:13:13

Health: -3/64      AC:  8    Str: 27    XL:     7   Next: 66%
Magic:  6/6        EV:  7    Int:  5    God:
Gold:   304        SH: 10    Dex: 10    Spells: 6/6 levels left

rFire    . . .     SeeInvis .   a - +0 war axe
rCold    . . .     Gourm    .   r - +0 shield (curse)
rNeg     . . .     Faith    .   b - +0 scale mail
rPois    .         Spirit   .   (helmet restricted)
rElec    .         Reflect  .   D - scarf {cloud immunity}
rCorr    +         Harm     .   (no gloves)
MR       .....                  y - +0 pair of boots
Stlth    ..........             j - amulet of magic regeneration
HPRegen  0.20/turn              t - ring of resist corrosion
MPRegen  0.35/turn              (no ring)

@: mighty, lethally poisoned (-3 -> -4)
A: retaliatory headbutt, horns 2
a: no special abilities


You were on level 6 of the Dungeon.
You were not hungry.

You visited 1 branch of the dungeon, and saw 6 of its levels.

You collected 304 gold pieces.

Inventory:

Hand Weapons
 a - a +0 war axe (weapon)
Armour
 b - a +0 scale mail (worn)
 c - a +0 shield
 n - a scarf of spirit shield
 r - a cursed +0 shield (worn)
 y - a +0 pair of boots (worn)
 D - a scarf of cloud immunity (worn)
Jewellery
 g - a +4 ring of strength {unknown}
 j - an amulet of magic regeneration (around neck)
 t - a ring of resist corrosion (left hand)
Scrolls
 e - 6 scrolls of identify
 h - 5 scrolls of teleportation {unknown}
 k - 3 scrolls of noise {unknown}
 l - 5 scrolls of remove curse {unknown}
 m - a scroll of fog {unknown}
 p - a scroll of enchant armour {unknown}
 q - a scroll of enchant weapon {unknown}
 u - a scroll of amnesia {unknown}
 v - 3 scrolls of fear {unknown}
 E - a scroll of magic mapping {unknown}
Potions
 i - 2 potions of curing {unknown}
 o - a potion of mutation {unknown}
 s - a potion of heal wounds {unknown}
 w - a potion of brilliance {unknown}
 x - 2 potions of degeneration {unknown}
 z - 2 potions of ambrosia {unknown}
 A - a potion of invisibility {unknown}
 B - a potion of lignification {unknown}
 C - a potion of agility {unknown}
Books
 G - a book of Minor Magic

   Spells                             Type                      Level
   a - Magic Dart                     Conjuration                  1
   b - Blink                          Translocation                2
   c - Call Imp                       Summoning                    2
   d - Slow                           Hexes                        2
   e - Conjure Flame                  Conjuration/Fire             3
   f - Mephitic Cloud                 Conjuration/Poison/Air       3
Comestibles
 f - 7 rations


   Skills:
 + Level 6.9 Fighting
 * Level 8.9 Axes
 - Level 3.6 Armour
 - Level 3.6 Shields


You had 6 spell levels left.
You didn't know any spells.

Dungeon Overview and Level Annotations

Branches:
Dungeon (6/15)
 Temple: D:4-7

Altars:
Ru
Uskayaw
Vehumet
Xom

Annotations:
D:6 Alter's ghost, novice DsGl


Innate Abilities, Weirdness & Mutations

You reflexively headbutt those who attack you in melee.
You have a pair of horns on your head.


Message History

Alter's ghost is lightly damaged.
Alter's ghost barely misses you. You furiously retaliate!
You headbutt Alter's ghost, but do no damage.
You completely miss Alter's ghost. You headbutt Alter's ghost.
Alter's ghost is moderately damaged.
You feel sick. Alter's ghost hits you!
* * * LOW HITPOINT WARNING * * *
You completely miss Alter's ghost.
Alter's ghost is moderately damaged.
Alter's ghost says, "Crushing you to a pulp will hurt a lot.
After that?
Painless!
I promise!"
Alter's ghost hits you!
* * * LOW HITPOINT WARNING * * *
The shadow imp grinds its teeth.
You closely miss Alter's ghost.
You headbutt Alter's ghost, but do no damage.
Alter's ghost is moderately damaged.
You feel sick.
Alter's ghost hits you but does no damage.
Alter's ghost hits you!
You die...

## . ?.
.. .# ...
.# ...$
.#.....
####l..##
#.@W5S..#
#.###...#
#.#..#..#
#.#..# .#
#.##.# #
#...<#
######


You could see an iguana, Alter's ghost, an adder and a shadow imp.

Vanquished Creatures
  The ghost of dscm the Scratcher, an amateur FeFi of Uskayaw (D:4)
  2 ogres
  A scorpion (D:6)
  2 howler monkeys
  2 crimson imps
  An orc wizard (D:3)
  An iguana (D:5)
  3 worker ants (D:5)
  A hound skeleton (D:5)
  3 gnolls (D:4)
  3 adders
  A shadow imp (D:6)
  An ooze (D:4)
  5 worms
  2 dart slugs (D:1)
  6 leopard geckos
  8 orcs
  5 bats
  2 giant cockroaches
  12 goblins
  9 hobgoblins
  13 jackals
  2 quokkas (D:2)
  2 ball pythons (D:2)
  10 frilled lizards
  7 kobolds
  7 rats
112 creatures vanquished.

Notes
Turn   | Place    | Note
-------+----------+-------------------------------------------
     0 | D:1      | snakesoul the Minotaur Fighter began the quest for the Orb.
     0 | D:1      | Reached XP level 1. HP: 19/19 MP: 0/0
    42 | D:1      | Reached skill level 3 in Axes
    43 | D:1      | Reached XP level 2. HP: 27/27 MP: 1/1
   400 | D:1      | Reached XP level 3. HP: 33/33 MP: 2/2
   592 | D:2      | Reached skill level 4 in Axes
   771 | D:2      | Found a shimmering altar of Xom.
   842 | D:2      | Reached XP level 4. HP: 39/41 MP: 3/3
   944 | D:2      | Found a sacrificial altar of Ru.
  1558 | D:3      | Reached skill level 5 in Axes
  1607 | D:3      | Reached XP level 5. HP: 44/47 MP: 2/4
  1633 | D:3      | Found a radiant altar of Vehumet.
  1756 | D:3      | Reached skill level 5 in Fighting
  1975 | D:3      | Found a hide-covered altar of Uskayaw.
  2143 | D:4      | Reached skill level 6 in Axes
  2734 | D:4      | Reached XP level 6. HP: 56/56 MP: 5/5
  2998 | D:4      | Noticed dscm's ghost (amateur FeFi)
  3014 | D:4      | Killed dscm's ghost
  3014 | D:4      | Reached skill level 7 in Axes
  3349 | D:5      | Entered Level 5 of the Dungeon
  3369 | D:5      | Reached XP level 7. HP: 63/63 MP: 6/6
  3758 | D:5      | Reached skill level 8 in Axes
  4292 | D:6      | Noticed Alter's ghost (novice DsGl)
  4322 | D:6      | Slain by Alter's ghost

Skill      XL: |  1  2  3  4  5  6  7 |
---------------+----------------------+-----
Axes           | 3 4 5 6 7 8 |  8.9
Fighting       | 4 5 6 |  6.9
Armour         | |  3.6
Shields        | |  3.6

Action                   |  1- 3 |  4- 6 |  7- 9 || total
-------------------------+-------+-------+-------++-------
Melee: War axe           |    81 |   134 |    88 ||   303
       Headbutt          |    12 |    13 |    11 ||    36
  Use: Scroll            |       |     2 |       ||     2
       Potion            |       |     1 |     1 ||     2
  Eat: Chunk             |       |     7 |     4 ||    11
Armor: Scale mail        |    33 |    30 |    30 ||    93
Dodge: Dodged            |    34 |    43 |     9 ||    86
Block: Shield            |    44 |    56 |    36 ||   136
